 Dungeon Crawl Stone Soup version 0.29.1-4-g47bece8355 (webtiles) character file.

Game seed: 1835817197581735867

700595 wingedge the Archmage (level 27, -2/193 HPs)
             Began as a Deep Elf Earth Elementalist on Dec 7, 2022.
             Was the Champion of Vehumet.
             Slain by an Orb Guardian (8 damage)
             ... on level 5 of the Realm of Zot on Dec 9, 2022.
             The game lasted 09:42:09 (70304 turns).

wingedge the Archmage (DEEE)                       Turns: 70304, Time: 09:42:10

Health: -2/193     AC: 21    Str:  8      XL:     27
Magic:  7/65       EV: 12    Int: 41 (42) God:    Vehumet [******]
Gold:   8586       SH:  0    Dex: 11 (13) Spells: 10/80 levels left

rFire   + + +      SeeInvis +   c - +7 dagger "Hydrabane" {vorpal, rElec rPois rC++ Str-2}
rCold   + + +      Faith    .   u - +5 kite shield {rF+}
rNeg    + + +      Spirit   .   T - +3 troll leather armour {Snorg}
rPois   ∞          Reflect  .   i - +0 mask of the Dragon {Will+ Slay+3 SInv}
rElec   +          Harm     .   E - +2 cloak {rCorr}
rCorr   +          Rampage  .   d - +0 pair of gloves "Daniun" {rF+ Str+3 Dex-4}
Will    ++++.                   b - +1 pair of boots {Fly}
Stlth   ++........              B - amulet of regeneration
HPRegen 2.02/turn               e - ring of Freedom {EV+4 Int+5 Dex+2}
MPRegen 0.39/turn               l - ring of the Peculiar Gods {Drain rC+ MP+9 Int+4}

@: lich-form, flying, held, studying 3 skills
A: draining attack, torment immunity, no potions, fire resistance 1, poison
resistance, subdued magic 1
}: 5/15 runes: decaying, serpentine, slimy, silver, abyssal
a: End Transformation, Renounce Religion


You were on level 5 of the Realm of Zot.
You worshipped Vehumet.
Vehumet was exalted by your worship.
You were an undead lich.
You visited 11 branches of the dungeon, and saw 53 of its levels.
You visited the Abyss 1 time.
You also visited: Bailey, Gauntlet, Ice Cave, Volcano and Wizlab.

You collected 11621 gold pieces.
You spent 3035 gold pieces at shops.

Inventory:

Hand Weapons
 a - the +8 whip of Mayhem {holy, *Noise Str+4 Int+5 Stlth+}
   (You took it off a spriggan air mage on level 2 of the Depths)

   It has been blessed by the Shining One to cause great damage to the undead
   and demons.
   Str:       It affects your strength (+4).
   Int:       It affects your intelligence (+5).
   *Noise:    It may make noises in combat.
   Stlth:     It makes you more stealthy.
 c - the +7 dagger "Hydrabane" (weapon) {vorpal, rElec rPois rC++ Str-2}
   (You took it off an ironbound preserver on level 5 of the Vaults)

   It inflicts extra damage upon your enemies.
   Str:       It affects your strength (-2).
   rC:        It greatly protects you from cold.
   rElec:     It insulates you from electricity.
   rPois:     It protects you from poison.
 h - a +7 eudemon blade of holy wrath
 n - the +6 trident "Nerub" {freeze, rF+ rN+}
   (You found it on level 15 of the Dungeon)

   It freezes those it strikes, dealing additional cold damage.
   It can also slow down cold-blooded creatures.
   rF:        It protects you from fire.
   rN:        It protects you from negative energy.
 p - a +9 quick blade of protection
 w - the +6 flail of Ynameido {vorpal, *Rage rElec rPois Will+}
   (You took it off a wizard on level 1 of the Vaults)

   It inflicts extra damage upon your enemies.
   rElec:     It insulates you from electricity.
   rPois:     It protects you from poison.
   *Rage:     It berserks you when you make melee attacks (+20% chance).
   Will:      It increases your willpower.
Missiles
 W - 13 throwing nets (quivered)
Armour
 b - a +1 pair of boots of flying (worn)
 d - the +0 pair of gloves "Daniun" (worn) {rF+ Str+3 Dex-4}
   (You found it on level 4 of the Depths)

   Str:       It affects your strength (+3).
   Dex:       It affects your dexterity (-4).
   rF:        It protects you from fire.
 i - the +0 mask of the Dragon (worn) {Will+ Slay+3 SInv}
   (You found it on level 12 of the Dungeon)

   Slay:      It affects your accuracy & damage with ranged weapons and melee
   (+3).
   SInv:      It lets you see invisible.
   Will:      It increases your willpower.
 u - a +5 kite shield of fire resistance (worn)
 C - a +2 robe of resistance
 E - a +2 cloak of preservation (worn)
 G - a +2 cloak of willpower
 P - a +2 robe of willpower
 T - a +3 troll leather armour (worn) {Snorg}
 V - a +2 kite shield of cold resistance
Magical Staves
 f - a staff of fire
Jewellery
 e - the ring of Freedom (left hand) {EV+4 Int+5 Dex+2}
   (You took it off a deep elf annihilator on level 3 of the Elven Halls)

   [ring of evasion]

   EV:        It affects your evasion (+4).
   Int:       It affects your intelligence (+5).
   Dex:       It affects your dexterity (+2).
 l - the ring of the Peculiar Gods (right hand) {Drain rC+ MP+9 Int+4}
   (You took it off a purple draconian on level 1 of the Realm of Zot)

   [ring of protection from cold]

   Int:       It affects your intelligence (+4).
   rC:        It protects you from cold.
   MP:        It affects your magic capacity (+9).
   Drain:     It drains your maximum health when unequipped.
 B - an amulet of regeneration (around neck)
 L - the ring "Rimor" {rPois rF+ Will+}
   (You found it in a wizard's laboratory)

   [ring of willpower]

   rF:        It protects you from fire.
   rPois:     It protects you from poison.
   Will:      It increases your willpower.
 O - the ring "Vihigrum" {Fly rElec Str+4 SInv}
   (You took it off an orc on level 8 of the Dungeon)

   [ring of flight]

   Str:       It affects your strength (+4).
   rElec:     It insulates you from electricity.
   SInv:      It lets you see invisible.
   Fly:       It grants you flight.
 U - the ring of Ussuek {rN+ Int+6}
   (You found it on level 3 of the Elven Halls)

   [ring of intelligence]

   Int:       It affects your intelligence (+6).
   rN:        It protects you from negative energy.
 X - the ring of the Cursing Oracle {*Slow rC+++ rN+ Str+3 Slay+4}
   (You found it in a Gauntlet)

   [ring of slaying]

   Str:       It affects your strength (+3).
   Slay:      It affects your accuracy & damage with ranged weapons and melee
   (+4).
   rC:        It renders you almost immune to cold.
   rN:        It protects you from negative energy.
   *Slow:     It may slow you when you take damage.
Wands
 N - a wand of light (10)
 R - a wand of digging (20)
Scrolls
 j - 15 scrolls of teleportation
 o - 17 scrolls of fog
 q - 7 scrolls of torment
 t - 15 scrolls of fear
 y - 9 scrolls of summoning
 D - 7 scrolls of blinking
 I - 5 scrolls of magic mapping
Potions
 g - 13 potions of haste
 k - 37 potions of mutation
 m - 17 potions of might
 r - 6 potions of invisibility
 v - 2 potions of cancellation
 z - 8 potions of magic
 A - 26 potions of curing
 J - 8 potions of brilliance
 K - 3 potions of heal wounds
 M - 2 potions of ambrosia
Miscellaneous
 x - a box of beasts
 H - a condenser vane
 Q - a phantom mirror (inert)


   Skills:
 - Level 25.0 Fighting
 - Level 3.0 Long Blades
 - Level 7.0 Armour
 - Level 15.0 Dodging
 - Level 3.0 Stealth
 - Level 7.0 Shields
 O Level 27 Spellcasting
 - Level 20.0 Conjurations
 - Level 3.0 Summonings
 - Level 17.0 Necromancy
 - Level 15.0 Transmutations
 + Level 19.0 Fire Magic
 - Level 4.0 Ice Magic
 - Level 13.0 Earth Magic


You had 10 spell levels left.
You knew the following spells:

 Your Spells              Type           Power      Damage    Failure   Level
a - Blink                 Tloc           84%        N/A       1%          2
b - Lehudib's Crystal Sp  Conj/Erth      49%        10d12     1%          8
c - Sublimation of Blood  Necr           100%       N/A       0%          2
d - Statue Form           Tmut/Erth      61%        N/A       1%          6
e - Ignition              Fire           52%        3d14      1%          8
f - Necromutation         Tmut/Necr      60%        N/A       8%          8
g - Fire Storm            Conj/Fire      52%        8d13      9%          9
h - Lee's Rapid Deconstr  Erth           45%        3d23*     1%          5
i - Animate Dead          Necr           100%       N/A       0%          4
j - Borgnjor's Vile Clut  Necr/Erth      58%        N/A       1%          5
k - Death Channel         Necr           61%        N/A       1%          6
o - Orb of Destruction    Conj           53%        9d13      1%          7

Your spell library contained the following spells:

 Spells                   Type           Power      Damage    Failure   Level
 Shatter                  Erth           45%        3d35*     71%         9
 Beastly Appendage        Tmut           100%       N/A       0%          1
 Foxfire                  Conj/Fire      100%       2x1d9     0%          1
 Magic Dart               Conj           100%       1d8       0%          1
 Necrotise                Necr           100%       1d9       0%          1
 Sandblast                Erth           100%       2d20      0%          1
 Shock                    Conj/Air       100%       1d9       0%          1
 Passwall                 Tmut/Erth      76%        N/A       0%          2
 Scorch                   Fire           100%       2d10      0%          2
 Searing Ray              Conj           100%       2d8       0%          2
 Static Discharge         Conj/Air       81%        3-14/arc  0%          2
 Wereblood                Tmut           95%        N/A       0%          2
 Conjure Flame            Conj/Fire      100%       6-21      0%          3
 Dazzling Flash           Conj/Hex       100%       N/A       0%          3
 Ignite Poison            Fire/Tmut/Pois 85%        N/A       0%          3
 Stone Arrow              Conj/Erth      100%       3d13      0%          3
 Vampiric Draining        Necr           100%       2d13      0%          3
 Dispel Undead            Necr           100%       3d31      0%          4
 Flame Wave               Conj/Fire      100%       2d21      0%          4
 Petrify                  Tmut/Erth      92%        N/A       0%          4
 Sticky Flame             Conj/Fire      100%       2d11      0%          4
 Agony                    Necr           100%       N/A       0%          5
 Fireball                 Conj/Fire      52%        3d20      0%          5
 Irradiate                Conj/Tmut      50%        3d28      0%          5
 Iskenderun's Battlesphe  Conj           100%       2d15      0%          5
 Apportation              Tloc           84%        N/A       1%          1
 Freeze                   Ice            100%       1d11      1%          1
 Sting                    Tmut/Pois      100%       1d8       1%          1
 Summon Small Mammal      Summ           100%       N/A       1%          1
 Call Imp                 Summ           57%        N/A       1%          2
 Poisonous Vapours        Pois/Air       84%        N/A       1%          2
 Call Canine Familiar     Summ           57%        N/A       1%          3
 Frozen Ramparts          Ice            100%       1d16      1%          3
 Inner Flame              Hex/Fire       80%        N/A       1%          3
 Mephitic Cloud           Conj/Pois/Air  71%        N/A       1%          3
 Ozocubu's Armour         Ice            61%        N/A       1%          3
 Summon Guardian Golem    Hex/Summ       51%        N/A       1%          3
 Anguish                  Hex/Necr       48%        N/A       1%          4
 Animate Armour           Summ/Erth      100%       N/A       1%          4
 Corpse Rot               Necr/Pois/Air  87%        N/A       1%          4
 Hailstorm                Conj/Ice       87%        3d17      1%          4
 Ice Form                 Ice/Tmut       80%        N/A       1%          4
 Iskenderun's Mystic Bla  Conj/Tloc      81%        2d16      1%          4
 Leda's Liquefaction      Hex/Erth       35%        N/A       1%          4
 Summon Ice Beast         Ice/Summ       59%        N/A       1%          4
 Alistair's Intoxication  Tmut/Pois      49%        N/A       1%          5
 Blade Hands              Tmut           47%        N/A       1%          5
 Freezing Cloud           Conj/Ice/Air   37%        6-21      1%          5
 Yara's Violent Unravell  Hex/Tmut       37%        3d15      1%          5
 Conjure Ball Lightning   Conj/Air       40%        3x3d13    1%          6
 Eringya's Noxious Bog    Tmut/Pois      37%        N/A       1%          6
 Simulacrum               Ice/Necr       52%        N/A       1%          6
 Starburst                Conj/Fire      52%        6d14      1%          6
 Dragon Form              Tmut           47%        N/A       1%          7
 Spellforged Servitor     Conj/Summ      43%        N/A       1%          7
 Confusing Touch          Hex            42%        N/A       2%          3
 Gell's Gravitas          Tloc           42%        N/A       2%          3
 Swiftness                Air            42%        N/A       2%          3
 Teleport Other           Tloc           42%        N/A       2%          3
 Tukima's Dance           Hex            42%        N/A       2%          3
 Airstrike                Air            21%        2d(3-19)  2%          4
 Olgreb's Toxic Radiance  Pois           42%        N/A       2%          4
 Borgnjor's Revivificati  Necr           61%        N/A       4%          8
 Passage of Golubria      Tloc           42%        N/A       8%          4
 Metabolic Englaciation   Hex/Ice        26%        N/A       10%         5
 Manifold Assault         Tloc           42%        N/A       24%         5
 Storm Form               Tmut/Air       37%        N/A       32%         7
 Summon Cactus Giant      Summ           28%        N/A       36%         6
 Ozocubu's Refrigeration  Ice            30%        4d14      36%         7
 Death's Door             Necr           61%        N/A       63%         9
 Dispersal                Tloc           21%        N/A       80%         6
 Summon Hydra             Summ           28%        N/A       92%         7
 Discord                  Hex            21%        N/A       100%        8
 Disjunction              Tloc           21%        N/A       100%        8
 Polar Vortex             Ice            30%        N/A       100%        9


Dungeon Overview and Level Annotations

Branches:
Dungeon (15/15)            Temple (1/1) D:6            Lair (5/5) D:11
  Swamp (4/4) Lair:3        Snake (4/4) Lair:2        Slime (5/5) Lair:4
    Orc (2/2) D:12            Elf (3/3) Orc:2        Vaults (5/5) D:13
  Crypt (0/3) Vaults:2     Depths (4/4) D:15            Zot (5/5) Depths:4
 Bailey (visited)           IceCv (visited)         Volcano (visited)
 WizLab (visited)         Gauntlet (visited)

Altars:
Ashenzari
Cheibriados
Dithmenos
Elyvilon
Fedhas
Gozag
Hepliaklqana
Kikubaaqudgha
Makhleb
Nemelex Xobeh
Okawaru
Qazlal
Ru
Sif Muna
Trog
Uskayaw
Vehumet
Wu Jian
Xom
Yredelemnul
Zin
The Shining One
Jiyva

Shops:
D:2 [   D:10 !   Orc:2 :*([*   Elf:1 *   Vaults:1 [   Depths:1 :=:

Portals:
Hell: Depths:1 Depths:2 Depths:3 Depths:4
Abyss: Orc:1 Depths:1 Depths:3
Pandemonium: Depths:2 Depths:3
Ziggurat: Depths:1


Innate Abilities, Weirdness & Mutations

You are an undead lich.
Your unarmed attacks are suffused with negative energy.
You are immune to unholy pain and torment.
Your necromantic spells are more powerful.
You cannot drink.
Your flesh is heat resistant. (rF+)
Your system is resistant to poisons. (rPois)
Your spells are a little easier to cast, but a little less powerful.


Message History

The fireball explodes!
The fireball engulfs you! You resist.
The fireball engulfs the orb of fire.
The orb of fire completely resists.
The Killer Klown beckons to you.
The orb of fire emits a lurid red light.
The bolt of fire hits you! You resist.
Unknown command.
Aiming: Bolt of Light
Press: ? - help, Shift-Dir - straight line, f - orb of fire
Aim: an orb of fire (38% to hit)
Okay, then.
Unknown command.
You shred the net and break free! The Orb Guardian hits you!!
* * * LOW HITPOINT WARNING * * *
The Killer Klown blinks!
The electric golem blinks!
The orb of fire glows yellow.
The bolt of fire misses you. The Orb Guardian drops a net on you.
You become entangled in the net!
Unknown command.
Unknown command.
You struggle against the net.
The electric golem hurls lightning at you.
The bolt of lightning hits you! You resist.
* * * LOW HITPOINT WARNING * * *
An Orb Guardian comes into view.
The Orb Guardian hits you!!
* * * LOW HITPOINT WARNING * * *
The electric golem blinks!
The Killer Klown blinks!
The orb of fire glows yellow.
The bolt of fire hits you! You resist.
* * * LOW HITPOINT WARNING * * *
Unknown command.
Aiming: Bolt of Light
Press: ? - help, Shift-Dir - straight line The bolt of light misses the orb of fire.
The bolt of light misses the Killer Klown.
The Orb Guardian hits you but does no damage.
The Orb Guardian barely misses you. The Orb Guardian hits you!
* * * LOW HITPOINT WARNING * * *
The Orb Guardian hits you!
You die...

.....▓...pp..^.......^......▓▓
vvv.▓▓...^.....p........^....▓▓
v..▓ ▓...)..X...p.............▓
▓▓▓ #....†.*=.°...X.......^..▓
##....*.Z.Z...*.........▓▓
##▓...)pXZ...X........▓▓
▓▓▓▓...§....†......▓▓
#▓▓▓▓▓▓▓▓▓▓▓##8.).8▓▓
###.Z^^....L*p)X......##
##...Z##....XX..........##
#####...###............^.....##
..^....###...........§.....^..#
......## #....................#
......# #....................#
^....## #....^...............#
.....# #............^.......#
.....## #....................#


You could see an orb of fire, a Killer Klown, 3 Orb Guardians and 2 friendly Orb
Guardian zombies.

Vanquished Creatures
  the Royal Jelly (Slime:5)
  2 dread liches
  4 orbs of fire
  3 ancient liches (Zot:5)
  Mennas (Vaults:3)
  A juggernaut (Depths:2)
  Parghit (Depths:3)
  6 Killer Klowns
  Frederick (Depths:3)
  A curse toe (Zot:4)
  13 golden dragons
  A bone dragon (Depths:4)
  2 electric golems
  Rupert (D:13)
  26 tentacled monstrosities
  6 liches
  An Ice Fiend (IceCv)
  Zenata (Vaults:4)
  14 Orb Guardians (Zot:5)
  6 quicksilver dragons
  4 deep elf master archers (Elf:3)
  6 titans
  3 deep elf blademasters
  14 acid blobs
  A walking divine tome (Depths:2)
  7 sphinxes
  The ghost of Oseiwk the Crack Shot, an adept MiHu of Okawaru (Depths:4)
  6 tentacled starspawn
  13 death cobs
  5 shadow dragons
  4 thorn hunters (Swamp:4)
  11 storm dragons
  9 tengu reavers
  Roxanne (D:15)
  8 nagarajas
  9 draconian monks
  6 fire giants
  A revenant (Abyss:3)
  10 rockslimes
  A daeva (Abyss:3)
  5 fenstrider witches (Swamp:4)
  11 azure jellies
  A cacodemon (Depths:4)
  2 deep elf sorcerers
  7 vault wardens
  Donald (Orc:2)
  2 iron dragons
  2 orc warlords
  7 frost giants
  2 ghost moths
  6 draconian scorchers
  7 draconian shifters
  A draconian stormcaller (Zot:1)
  4 war gargoyles
  6 draconian annihilators
  A ghoul (Swamp:4)
  4 spriggan defenders (Depths:2)
  13 quicksilver oozes
  10 ironbound preservers
  9 ironbound thunderhulks
  12 stone giants
  21 very ugly things
  3 vampire knights
  2 lorocyprocas (Depths:4)
  4 deep elf demonologists
  10 green draconians
  7 deep elf annihilators
  7 black draconians
  A bunyip (Swamp:4)
  Azrael (D:12)
  10 purple draconians
  A minotaur (Gauntlet)
  13 white draconians
  2 eleionomae
  2 entropy weavers
  8 dire elephants
  11 yellow draconians
  9 red draconians
  Snorg (D:11)
  9 spark wasps
  3 green deaths
  An eidolon (Vaults:2)
  An acid blob zombie (Slime:5)
  12 ettins
  9 fire dragons
  7 deep elf death magi
  A blizzard demon (Swamp:4)
  17 yaktaur captains
  Harold (Orc:1)
  2 shambling mangroves
  13 great orbs of eyes
  6 deep elf high priests
  10 ice dragons
  10 hydras
  A spriggan skeleton (Abyss:3)
  5 peacekeepers
  3 boulder beetles
  4 salamander tyrants
  6 rakshasas
  6 spriggan air magi
  4 anacondas
  Erolcha (Orc:1)
  29 vault guards
  4 ghost crabs
  2 merfolk avatars
  3 ogre magi
  25 centaur warriors
  A radroach (shapeshifter) (WizLab)
  A jorogumo (shapeshifter) (Depths:4)
  6 ironbound frosthearts
  Erica (Orc:1)
  8 naga warriors
  14 two-headed ogres
  A hell beast (Depths:2)
  A satyr (shapeshifter) (Depths:3)
  A two-headed ogre (shapeshifter) (Depths:3)
  5 alligators
  23 dancing weapons
  2 vampire magi
  2 tengu warriors
  6 death yaks (Lair:3)
  11 deep troll shamans
  10 deep troll earth magi
  3 hell hogs
  An orc high priest (Orc:2)
  2 shock serpents (Snake:4)
  Urug (D:13)
  8 naga sharpshooters
  3 soul eaters
  2 sun demons (Abyss:3)
  A thrashing horror (Abyss:1)
  Sonja (Lair:1)
  29 deep elf knights
  11 spriggan berserkers
  Nergalle (D:12)
  7 hell knights
  14 iron trolls
  3 salamander mystics
  2 sea snakes (Lair:5)
  A sixfirhy (Depths:2)
  2 shadow wraiths
  3 skeletal warriors (D:15)
  A spatial maelstrom (Abyss:3)
  A death drake (Abyss:3)
  4 goliath frogs
  A golden dragon zombie (Zot:5)
  6 spriggan druids
  38 deep trolls
  11 starcursed masses (Abyss:3)
  A death drake (shapeshifter) (Elf:2)
  6 glowing orange brains
  A flayed ghost (Depths:2)
  A glowing orange brain (shapeshifter) (Vaults:5)
  6 naga ritualists
  13 wizards
  9 lindwurms
  5 bog bodies
  8 spriggan simulacra (IceCv)
  4 swamp dragons
  8 ironbound convokers
  6 necromancers
  23 deep elf archers
  2 harpies
  An obsidian statue (IceCv)
  6 phantasmal warriors
  A harpy (shapeshifter) (WizLab)
  9 orc knights
  5 mana vipers
  39 deep elf pyromancers
  An anaconda skeleton (Abyss:1)
  An orange crystal statue (D:15)
  A lindwurm (shapeshifter) (D:13)
  3 cyclopes
  An oklob plant (Snake:3)
  33 ugly things
  4 human zombies
  30 deep elf zephyrmancers
  A shining eye (shapeshifter) (Depths:2)
  4 orc sorcerers
  2 stone giant zombies
  13 salamanders
  2 manticores
  2 salamanders (shapeshifter) (WizLab)
  A frost giant zombie (Vaults:1)
  5 worldbinders
  A draconian zombie (Zot:5)
  25 moths of wrath
  3 will-o-the-wisps
  4 elephants (Lair:4)
  6 shining eyes
  A stone giant skeleton (Vaults:4)
  Maurice (Orc:2)
  5 guardian serpents
  16 vault sentinels
  An ice statue (D:9)
  An eye of devastation (shapeshifter) (Vaults:5)
  A black mamba (shapeshifter) (Depths:4)
  2 orange demons
  2 centaur zombies (D:15)
  A gargoyle (D:10)
  8 naga magi
  A cane toad (shapeshifter) (WizLab)
  5 smoke demons
  An eye of devastation (Slime:5)
  19 black mambas
  A storm dragon simulacrum (Depths:1)
  A torpor snail (Gauntlet)
  A centaur skeleton (D:15)
  2 unseen horrors
  3 apocalypse crabs
  4 cane toads
  4 rime drakes
  An unseen horror (shapeshifter) (WizLab)
  3 freezing wraiths
  Maggie (D:7)
  8 komodo dragons
  2 yaktaurs (shapeshifter)
  3 anaconda simulacra (IceCv)
  5 ancient zymes
  4 kobold demonologists
  A tengu conjurer (Depths:1)
  2 golden dragon simulacra (IceCv)
  15 ice devils (IceCv)
  A tormentor (Abyss:1)
  21 yaktaurs
  2 hellwings
  2 komodo dragons (shapeshifter) (WizLab)
  3 meliai (D:15)
  A hornet (shapeshifter) (WizLab)
  A yaktaur skeleton (Vaults:4)
  2 hydra zombies (Swamp:1)
  2 queen bees (shapeshifter)
  3 meliai (shapeshifter) (WizLab)
  3 trolls
  7 polar bears
  2 bloated husks
  18 large abominations
  A tarantella (Vaults:5)
  6 tyrant leeches
  14 hornets
  22 blink frogs
  A raiju (Orc:1)
  2 wind drakes (Lair:5)
  An ice dragon zombie (Depths:3)
  2 raiju (shapeshifter)
  89 slime creatures
  A frost giant simulacrum (Vaults:1)
  A snapping turtle (Lair:5)
  An ettin zombie (Vaults:1)
  2 black mamba zombies
  2 shadows
  5 wraiths
  3 dire elephant simulacra (IceCv)
  7 spriggans
  An air elemental (Elf:3)
  3 vampires
  A slime creature zombie (Slime:5)
  The ghost of safid the Shooter, an amateur MiHu (D:3)
  A fire bat (shapeshifter) (WizLab)
  A wyvern (shapeshifter) (Depths:4)
  6 wyverns
  4 ynoxinuls
  10 fire elementals
  3 water elementals (D:12)
  4 fire bats (D:14)
  A human (shapeshifter) (WizLab)
  26 yaks
  A yak (shapeshifter) (Vaults:5)
  9 golden eyes
  3 steam dragons
  12 humans (D:13)
  3 chaos spawn
  6 minotaur simulacra (IceCv)
  A golden eye (shapeshifter) (WizLab)
  2 redbacks (shapeshifter) (WizLab)
  A human simulacrum (Vaults:1)
  8 neqoxecs
  A warg (Orc:2)
  3 basilisks (shapeshifter) (WizLab)
  2 hogs (shapeshifter) (WizLab)
  An iron golem (WizLab)
  A harpy simulacrum (IceCv)
  6 vampire mosquitoes
  A redback (Vaults:5)
  13 small abominations
  A tengu zombie (Depths:2)
  15 swamp worms
  A warg (shapeshifter) (WizLab)
  31 nagas
  4 water moccasins
  4 spatial vortices (Abyss:3)
  2 two-headed ogre zombies
  A hydra simulacrum (IceCv)
  A swamp worm (shapeshifter) (WizLab)
  8 floating eyes
  14 hell hounds
  3 sky beasts
  2 ice beasts
  A black bear (D:6)
  2 swamp drakes (Swamp:1)
  37 orc warriors
  2 alligator simulacra (IceCv)
  2 black bears (shapeshifter)
  34 wolves
  An elf zombie (Elf:1)
  A swamp dragon zombie (Swamp:3)
  11 ogres
  6 centaurs
  7 kobold brigands
  A yaktaur zombie (Vaults:5)
  6 bullfrogs
  A salamander zombie (Snake:2)
  2 gnoll sergeants
  2 necrophages
  A glowing shapeshifter simulacrum (Depths:1)
  6 deep troll simulacra (IceCv)
  4 earth elementals
  2 scorpions
  16 wights
  2 lindwurm simulacra (IceCv)
  3 troll zombies (D:12)
  4 electric eels
  A howler monkey (shapeshifter) (Depths:4)
  14 killer bees
  6 howler monkeys
  2 lava snakes (D:14)
  A quasit (Abyss:3)
  5 jellies
  Crazy Yiuf (D:7)
  13 orc priests
  A gnoll bouda (D:8)
  3 hounds
  Terence (D:2)
  Jessica (D:2)
  Natasha (thrice) (D:4)
  An iguana (shapeshifter) (Vaults:5)
  4 iguanas
  15 orc wizards
  4 ogre zombies (D:12)
  A mummy (D:4)
  Robin (D:3)
  A howler monkey zombie (Depths:4)
  14 gnolls
  9 adders
  A river rat (shapeshifter) (Depths:4)
  5 white imps
  3 ufetubi
  A worm (shapeshifter) (Depths:4)
  67 orcs
  7 ball pythons
  5 endoplasms
  6 giant cockroaches
  17 goblins
  8 hobgoblins
  A hobgoblin (shapeshifter) (Depths:4)
  8 jackals
  19 kobolds
  A quokka (shapeshifter) (Depths:4)
  4 quokkas
  A river rat zombie (Depths:4)
  5 bats
  A frilled lizard (D:1)
  2 hobgoblin skeletons (D:12)
  4 hobgoblin zombies
  2 orc skeletons (D:12)
  16 orc zombies
  A quokka zombie (Depths:4)
  6 rats
  A butterfly (Lair:5)
  25 fire vortices
  A lurking horror (Abyss:1)
  5 starspawn tentacles (Abyss:3)
2236 creatures vanquished.

Vanquished Creatures (collateral kills)
  Dissolution (Slime:2)
  A dread lich (Vaults:5)
  A Killer Klown (Zot:5)
  3 golden dragons
  A mutant beast (WizLab)
  6 tentacled monstrosities
  7 Orb Guardians (Zot:5)
  Mlioglotl (Swamp:1)
  A quicksilver dragon (Zot:2)
  10 acid blobs
  2 death cobs (Zot:4)
  A shadow dragon (Vaults:5)
  5 nagarajas
  2 thorn hunters
  A fire giant (Depths:2)
  2 tengu reavers (Vaults:5)
  3 azure jellies (Slime:5)
  A storm dragon (Zot:4)
  3 rockslimes
  A draconian knight (Zot:4)
  2 frost giants
  Aizul (Snake:3)
  3 draconian scorchers (Zot:4)
  3 vault wardens
  A deep elf sorcerer (Elf:1)
  A cacodemon (Depths:4)
  A spriggan defender (Depths:2)
  3 quicksilver oozes
  An ironbound preserver (Vaults:1)
  6 stone giants
  A draconian annihilator (Zot:3)
  2 green draconians
  2 vampire knights
  10 very ugly things
  An eleionoma (Swamp:1)
  A red draconian (Zot:1)
  A black draconian (Zot:4)
  2 yellow draconians
  7 spark wasps
  A bunyip (Swamp:3)
  A purple draconian (Zot:4)
  A deep elf death mage (Elf:3)
  A fire dragon (Depths:2)
  An ettin (Vaults:5)
  2 deep elf high priests (Elf:3)
  A spriggan zombie (Depths:2)
  Josephine (Lair:3)
  4 yaktaur captains
  A rakshasa (Depths:1)
  3 hydras
  A vault guard (Vaults:1)
  The ghost of Pupniv the Protected, a journeyman BaFi of Cheibriados (Orc:1)
  An ogre mage (D:15)
  2 boulder beetles
  A ghost crab (Swamp:2)
  4 centaur warriors
  A salamander tyrant (Snake:4)
  An ironbound frostheart (Vaults:4)
  2 anacondas
  4 two-headed ogres (D:15)
  An alligator (Swamp:2)
  A tengu warrior (Depths:2)
  6 naga warriors
  2 death yaks (D:13)
  An orc high priest (Orc:2)
  3 deep troll earth magi
  A spriggan berserker (Depths:2)
  4 naga sharpshooters
  2 hell knights (Depths:3)
  3 shock serpents
  2 skeletal warriors (D:15)
  4 deep elf knights
  2 wretched stars
  2 iron trolls (Depths:2)
  A shadow demon (Depths:4)
  8 deep trolls
  A bog body (Swamp:2)
  2 naga ritualists
  3 goliath frogs (Swamp:2)
  A spriggan druid (Swamp:2)
  A wizard (Swamp:4)
  3 ironbound convokers
  7 deep elf zephyrmancers
  3 mana vipers
  2 orc knights
  2 deep elf archers
  2 shining eyes
  2 deep elf pyromancers (Elf:1)
  2 swamp dragons (Swamp:3)
  A glowing orange brain (Depths:2)
  2 will-o-the-wisps
  2 cyclopes
  16 ugly things
  An orc sorcerer (Orc:2)
  2 stone giant zombies (Vaults:4)
  A cyclops (shapeshifter) (WizLab)
  A manticore (D:15)
  4 salamanders
  2 moths of wrath
  A rust devil (Orc:1)
  12 black mambas
  A frost giant skeleton (Depths:1)
  5 naga magi
  A large abomination (WizLab)
  2 guardian serpents
  A vault sentinel (Vaults:4)
  2 smoke demons (Abyss:3)
  2 komodo dragons (shapeshifter) (WizLab)
  A yaktaur (Vaults:1)
  A yaktaur (shapeshifter) (WizLab)
  A queen bee (Gauntlet)
  A troll (D:12)
  A hornet (shapeshifter) (WizLab)
  A polar bear (shapeshifter) (WizLab)
  2 tyrant leeches (Swamp:2)
  A raiju (shapeshifter) (WizLab)
  A blink frog (shapeshifter) (WizLab)
  7 hornets
  18 slime creatures
  An ettin zombie (Depths:1)
  A frost giant simulacrum (Vaults:4)
  A dream sheep (shapeshifter) (WizLab)
  2 blink frogs (Abyss:3)
  2 human zombies
  3 starcursed masses (Abyss:3)
  A black mamba zombie (Snake:2)
  4 spriggans
  4 yaks (D:13)
  2 wraiths (Lair:3)
  2 humans (D:13)
  A steam dragon (Lair:5)
  A neqoxec (Gauntlet)
  3 vampire mosquitoes
  A warg (Orc:1)
  6 swamp worms
  14 nagas
  A water moccasin (Lair:5)
  2 swamp drakes
  9 orc warriors
  A killer bee (Gauntlet)
  2 electric eels (Snake:1)
  4 orc priests (Orc:2)
  4 orc wizards
  2 white imps
  7 orcs
  A hobgoblin zombie (D:12)
  A starspawn tentacle (Abyss:3)
388 creatures vanquished.

Vanquished Creatures (others)
  A draconian scorcher (Zot:4)
  A Killer Klown zombie (Zot:5)
  5 acid blob zombies
  A very ugly thing zombie (Vaults:4)
  A deep elf high priest (Elf:3)
  A ghost crab (Swamp:4)
  6 quicksilver ooze zombies
  4 azure jelly zombies
  5 storm dragon zombies
  A sixfirhy (Abyss:3)
  An entropy weaver zombie (Vaults:4)
  4 anaconda zombies
  A bunyip zombie (Swamp:3)
  A deep elf zephyrmancer (Elf:1)
  10 ugly thing zombies
  10 draconian zombies
  A goliath frog zombie (Swamp:2)
  A moth of wrath (Zot:1)
  A fire giant zombie (Depths:2)
  4 centaur zombies
  2 purple draconian zombies (Zot:5)
  2 green draconian zombies (Zot:1)
  5 swamp worm zombies
  2 white draconian zombies
  2 yellow draconian zombies
  A black draconian zombie (Zot:4)
  3 red draconian zombies
  An iron troll zombie (Depths:1)
  3 mana viper zombies
  An ancient zyme (Orc:1)
  A harpy zombie (Lair:5)
  A guardian serpent zombie (Snake:1)
  4 moth of wrath zombies
  An alligator zombie (Swamp:1)
  An ice dragon zombie (Depths:1)
  A fire dragon zombie (Depths:1)
  3 great orb of eyes zombies
  3 black mamba zombies
  A wyvern (shapeshifter) (Depths:4)
  2 humans (D:13)
  24 slime creature zombies
  8 elf zombies
  7 deep troll zombies
  5 two-headed ogre zombies
  A fire bat zombie (WizLab)
  8 hornet zombies
  A hog zombie (WizLab)
  A swamp dragon zombie (Swamp:3)
  12 yaktaur zombies
  5 salamander zombies
  A cyclops zombie (D:15)
  2 warg zombies
  A raiju zombie (Orc:1)
  A polar bear zombie (WizLab)
  18 naga zombies
  8 spriggan zombies
  A tengu zombie (Depths:1)
  A wolf zombie (D:14)
  A black bear zombie (Elf:3)
  2 killer bee zombies (Gauntlet)
  37 human zombies
  5 ogre zombies
  A hobgoblin skeleton (D:12)
  22 orc zombies
  247 fire vortices
  33 foxfires
  39 fungi
  A lurking horror (Abyss:1)
  144 plants
  7 starspawn tentacles (Abyss:3)
  5 toadstools (D:1)
749 creatures vanquished.

Grand Total: 3373 creatures vanquished

Notes
Turn   | Place    | Note
-------+----------+-------------------------------------------
     0 | D:1      | wingedge the Deep Elf Earth Elementalist began the quest
                  | for the Orb.
     0 | D:1      | Reached XP level 1. HP: 10/10 MP: 6/6
    26 | D:1      | Found a faded altar of an unknown god.
   133 | D:1      | Reached skill level 1 in Fighting
   203 | D:1      | Reached XP level 2. HP: 8/16 MP: 6/8
   698 | D:1      | Reached XP level 3. HP: 21/21 MP: 6/9
  1094 | D:2      | Noticed Jessica
  1115 | D:2      | Killed Jessica
  1116 | D:2      | Reached skill level 1 in Conjurations
  1127 | D:1      | Learned a level 3 spell: Stone Arrow
  1186 | D:2      | Reached XP level 4. HP: 26/26 MP: 6/10
  1254 | D:2      | Noticed Terence
  1256 | D:2      | Killed Terence
  1398 | D:2      | Found a basalt altar of Yredelemnul.
  1650 | D:2      | Found Johuamaeth's Armour Emporium.
  1658 | D:2      | Bought a +0 leather armour of poison resistance for 78 gold
                  | pieces
  1827 | D:3      | Identified the +1 leather armour of the Sea {rPois Str+2
                  | Int-3 Dex+9}
  1828 | D:3      | Found a runed translucent gate.
  1837 | D:3      | Found a runed translucent gate.
  1838 | D:3      | Found a runed translucent gate.
  1839 | D:3      | Noticed safid's ghost (amateur MiHu)
  2127 | D:3      | Noticed Robin
  2135 | D:3      | Killed Robin
  2136 | D:3      | Reached XP level 5. HP: 6/30 MP: 7/11
  2397 | D:3      | Learned a level 1 spell: Freeze
  2803 | D:4      | Noticed Natasha
  2809 | D:4      | Reached skill level 1 in Ice Magic
  2961 | D:4      | Reached XP level 6. HP: 31/37 MP: 1/12
  3124 | D:4      | Killed Natasha
  3279 | D:4      | Noticed a wyvern
  3335 | D:4      | Killed a wyvern
  3336 | D:4      | Reached skill level 5 in Conjurations
  3336 | D:4      | Reached skill level 5 in Earth Magic
  3336 | D:4      | Reached XP level 7. HP: 41/41 MP: 3/13
  4046 | D:4      | Noticed Natasha
  4048 | D:4      | Killed Natasha
  4196 | D:4      | Noticed Natasha
  4198 | D:4      | Killed Natasha
  4268 | D:5      | Entered Level 5 of the Dungeon
  4948 | D:5      | Learned a level 3 spell: Frozen Ramparts
  4953 | D:5      | Learned a level 4 spell: Hailstorm
  5887 | D:2      | Bought a +2 cloak of willpower for 279 gold pieces
  6058 | D:6      | Identified the +1 chain mail "Viuffuc" {*Corrode +Blink
                  | Int+5 Dex-5}
  6071 | D:6      | Found a staircase to the Ecumenical Temple.
  6079 | Temple   | Entered the Ecumenical Temple
  6231 | Temple   | Became a worshipper of Vehumet
  6471 | D:6      | Reached XP level 8. HP: 41/48 MP: 0/14
  6647 | D:7      | Reached skill level 4 in Spellcasting
  6796 | D:7      | Reached skill level 5 in Spellcasting
  6855 | D:7      | Noticed Maggie
  6927 | D:7      | Killed Maggie
  7260 | D:7      | Found a runed translucent door.
  7261 | D:7      | Noticed Crazy Yiuf
  7324 | D:7      | Reached skill level 5 in Fighting
  7326 | D:7      | Reached skill level 5 in Dodging
  7411 | D:7      | Killed Crazy Yiuf
  7569 | D:7      | Reached skill level 6 in Spellcasting
  7584 | D:7      | Learned a level 3 spell: Mephitic Cloud
  7838 | D:8      | Found a stormy altar of Qazlal.
  7925 | D:8      | Found an ornate altar of the Wu Jian Council.
  7930 | D:8      | Reached skill level 7 in Spellcasting
  7930 | D:8      | Reached XP level 9. HP: 41/54 MP: 12/22
  7933 | D:8      | Reached skill level 8 in Spellcasting
  7978 | D:8      | Reached skill level 9 in Spellcasting
  8033 | D:8      | Found a sparkling altar of Nemelex Xobeh.
  8080 | D:8      | Reached * piety under Vehumet
  8080 | D:8      | Offered knowledge of Shock by Vehumet.
  8225 | D:8      | Noticed a komodo dragon
  8241 | D:8      | Killed a komodo dragon
  8288 | D:8      | Identified the ring "Vihigrum" {Fly rElec Str+4 SInv}
  8408 | D:8      | Reached skill level 10 in Spellcasting
  8408 | D:8      | Reached XP level 10. HP: 60/60 MP: 12/26
  8627 | D:8      | Offered knowledge of Static Discharge by Vehumet.
  8629 | D:8      | Reached ** piety under Vehumet
  8774 | D:8      | Identified the +4 chain mail of the Villain {Drain Fly
                  | rCorr Str+6}
  8947 | D:9      | Noticed a two-headed ogre
  8956 | D:9      | Killed a two-headed ogre
  9339 | D:9      | Noticed an ice statue
  9366 | D:9      | Killed an ice statue
  9612 | D:9      | Reached skill level 10 in Dodging
 10084 | D:9      | Offered knowledge of Inner Flame by Vehumet.
 10262 | D:10     | Entered Level 10 of the Dungeon
 10272 | D:10     | Noticed a two-headed ogre
 10279 | D:10     | Killed a two-headed ogre
 10280 | D:10     | Reached skill level 11 in Spellcasting
 10280 | D:10     | Reached XP level 11. HP: 67/67 MP: 15/28
 10364 | D:10     | Reached *** piety under Vehumet
 10365 | D:10     | Reached skill level 12 in Spellcasting
 10571 | D:10     | Found Ysucuxt's Distillery.
 10579 | D:10     | Bought a potion of haste for 100 gold pieces
 10594 | D:10     | Found a flagged portal.
 10612 | D:10     | Learned a level 4 spell: Petrify
 10616 | Bailey   | Entered a bailey
 10732 | Bailey   | Offered knowledge of Dazzling Flash by Vehumet.
 10752 | Bailey   | Noticed an orc knight
 10755 | Bailey   | Killed an orc knight
 11155 | D:10     | Reached skill level 13 in Spellcasting
 11159 | D:10     | Reached skill level 1 in Armour
 11159 | D:10     | Reached skill level 1 in Shields
 11409 | D:11     | Noticed Snorg
 11419 | D:11     | Killed Snorg
 11490 | D:11     | Noticed a cyan ugly thing
 11502 | D:11     | Killed a cyan ugly thing
 11560 | D:11     | Noticed a six-headed hydra
 11568 | D:11     | Killed a six-headed hydra
 11601 | D:11     | Found a staircase to the Lair.
 11731 | D:11     | Reached **** piety under Vehumet
 11775 | D:11     | Noticed a boulder beetle
 11791 | D:11     | Killed a boulder beetle
 12062 | D:11     | Reached skill level 1 in Necromancy
 12291 | Lair:1   | Entered Level 1 of the Lair of Beasts
 12387 | Lair:1   | Noticed Sonja
 12402 | Lair:1   | Killed Sonja
 12403 | Lair:1   | Reached XP level 12. HP: 73/73 MP: 6/31
 12416 | Lair:1   | Offered knowledge of Lee's Rapid Deconstruction by Vehumet.
 12423 | Lair:1   | Learned a level 5 spell: Lee's Rapid Deconstruction
 12832 | Lair:1   | Learned a level 4 spell: Animate Dead
 13293 | Lair:2   | Found a staircase to the Snake Pit.
 14143 | Lair:3   | Noticed a seven-headed hydra
 14154 | Lair:3   | Killed a seven-headed hydra
 14155 | Lair:3   | Reached skill level 5 in Necromancy
 14186 | Lair:3   | Noticed a death yak
 14187 | Lair:3   | Noticed a death yak
 14198 | Lair:3   | Noticed a death yak
 14199 | Lair:3   | Noticed a death yak
 14200 | Lair:3   | Noticed a death yak
 14200 | Lair:3   | Noticed a death yak
 14205 | Lair:3   | Killed a death yak
 14222 | Lair:3   | Killed a death yak
 14223 | Lair:3   | Killed a death yak
 14231 | Lair:3   | Killed a death yak
 14259 | Lair:3   | Killed a death yak
 14266 | Lair:3   | Killed a death yak
 14309 | Lair:3   | Found a gate leading to a gauntlet.
 14314 | Gauntlet | Entered a Gauntlet
 14314 | Gauntlet | Found a transporter.
 14314 | Gauntlet | Found a transporter.
 14321 | Gauntlet | Learned a level 5 spell: Borgnjor's Vile Clutch
 14336 | Gauntlet | Found a transporter.
 14340 | Gauntlet | Found a transporter.
 14342 | Gauntlet | Noticed a death scarab
 14350 | Gauntlet | Found a transporter.
 14354 | Gauntlet | Found a transporter.
 14366 | Gauntlet | Found a transporter.
 14385 | Gauntlet | Found a transporter.
 14402 | Gauntlet | Found a transporter.
 14406 | Gauntlet | Found a transporter.
 14420 | Gauntlet | Found a transporter.
 14424 | Gauntlet | Found a transporter.
 14565 | Gauntlet | Identified the +10 lajatang "Hydrabane" {vamp, Str+2 Int+4}
 14677 | Gauntlet | Identified the ring of the Cursing Oracle {*Slow rC+++ rN+
                  | Str+3 Slay+4}
 14691 | Gauntlet | Identified the +11 mace of Rolis {vorpal, rElec rC+}
 14691 | Gauntlet | Noticed a minotaur
 14694 | Gauntlet | Killed a minotaur
 14699 | Gauntlet | Identified the amulet of Qefuick Uqeo {Spirit Contam +Blink
                  | Stlth+}
 14774 | Lair:3   | Reached XP level 13. HP: 80/80 MP: 20/32
 15054 | Lair:3   | Noticed Josephine
 15071 | Lair:3   | Reached ***** piety under Vehumet
 15079 | Lair:3   | Killed Josephine
 15454 | Lair:3   | Offered knowledge of Flame Wave by Vehumet.
 15455 | Lair:3   | Reached skill level 1 in Summonings
 15670 | Lair:3   | Found a staircase to the Swamp.
 15867 | Lair:4   | Reached skill level 1 in Long Blades
 16648 | Lair:4   | Found a viscous altar of Jiyva.
 16648 | Lair:4   | Found a staircase to the Slime Pits.
 17200 | Lair:5   | Entered Level 5 of the Lair of Beasts
 17299 | Lair:5   | Reached skill level 10 in Necromancy
 17402 | Lair:5   | Found a dark tunnel.
 17429 | Volcano  | Entered a volcano
 17652 | Volcano  | Reached skill level 14 in Spellcasting
 17777 | Lair:5   | Reached XP level 14. HP: 87/87 MP: 17/34
 17837 | Lair:5   | Reached skill level 10 in Fighting
 18063 | Lair:5   | Learned a level 6 spell: Death Channel
 18199 | Lair:5   | Learned a level 7 spell: Orb of Destruction
 18458 | Lair:5   | Offered knowledge of Fulminant Prism by Vehumet.
 18839 | D:12     | Identified the +6 hand axe of Dominance {protect, Will-
                  | Dex+5}
 19165 | D:12     | Found a staircase to the Orcish Mines.
 19239 | D:12     | Noticed Azrael
 19247 | D:12     | Killed Azrael
 19495 | D:12     | Found an iron altar of Okawaru.
 19502 | D:12     | Found the +0 mask of the Dragon {Will+ Slay+3 SInv}
 19601 | D:12     | Identified the +1 robe "Jelibropp" {Harm +Blink}
 19671 | D:12     | Identified the +7 broad axe of Defiance {pain, rN+ Will-
                  | Str+8 Int-2}
 19937 | D:12     | Noticed Nergalle
 19945 | D:12     | Killed Nergalle
 20119 | Orc:1    | Entered Level 1 of the Orcish Mines
 20276 | Orc:1    | Noticed Erolcha
 20279 | Orc:1    | Killed Erolcha
 20324 | Orc:1    | Offered knowledge of Freezing Cloud by Vehumet.
 20408 | Orc:1    | Found a transporter.
 20427 | Orc:1    | Found a transporter.
 20517 | Orc:1    | Noticed an orc warlord
 20601 | Orc:1    | Noticed Harold
 20607 | Orc:1    | Killed Harold
 20674 | Orc:1    | Noticed Erica
 20680 | Orc:1    | Killed Erica
 20938 | Orc:2    | Entered Level 2 of the Orcish Mines
 20957 | Orc:2    | Reached skill level 10 in Conjurations
 21049 | Orc:2    | Found Loxodos's Assorted Antiques.
 21146 | Orc:2    | Noticed Donald
 21161 | Orc:2    | Killed Donald
 21167 | Orc:2    | Noticed Maurice
 21178 | Orc:2    | Killed Maurice
 21179 | Orc:2    | Reached skill level 5 in Shields
 21313 | Orc:2    | Noticed an orc warlord
 21324 | Orc:2    | Killed an orc warlord
 21329 | Orc:2    | Reached XP level 15. HP: 51/92 MP: 7/35
 21332 | Orc:2    | Your ally Maurice died
 21479 | Orc:2    | Found Zouddea's Antique Armour Shop.
 21577 | Orc:2    | Found a staircase to the Elven Halls.
 21614 | Orc:2    | Found Eghek's Antique Weapon Shop.
 21749 | Orc:2    | Found Ibukoew's General Store.
 21764 | Orc:2    | Found Eghacza's Book Shop.
 21771 | Orc:2    | Bought Ozocubu's Autobiography for 312 gold pieces
 21775 | Orc:2    | Learned a level 3 spell: Ozocubu's Armour
 21958 | D:13     | Noticed Rupert
 21958 | D:13     | Noticed Urug
 21958 | D:13     | Found a gate to the Vaults.
 21969 | D:13     | Reached skill level 15 in Spellcasting
 21971 | D:13     | Killed Urug
 21973 | D:13     | Killed Rupert
 22835 | D:14     | Reached ****** piety under Vehumet
 22839 | D:14     | Offered knowledge of Fireball by Vehumet.
 22854 | D:14     | Identified the +10 short sword of the Spider Nest {freeze,
                  | Drain Int+8 Dex+2}
 22901 | D:14     | Found a frozen archway.
 22967 | IceCv    | Entered an ice cave
 23648 | IceCv    | Noticed an Ice Fiend
 23662 | IceCv    | Killed an Ice Fiend
 23830 | IceCv    | Offered knowledge of Iskenderun's Battlesphere by Vehumet.
 24180 | Orc:2    | Bought a book of Alchemy for 364 gold pieces
 24183 | Orc:2    | Learned a level 2 spell: Sublimation of Blood
 24716 | D:14     | Reached XP level 16. HP: 101/101 MP: 33/37
 25276 | D:14     | Reached skill level 16 in Spellcasting
 25420 | D:15     | Entered Level 15 of the Dungeon
 25505 | D:15     | Identified the +7 chain mail of Compression {*Corrode Int+2
                  | SInv}
 25558 | D:15     | Found an ornate altar of the Wu Jian Council.
 25681 | D:15     | Identified the +6 trident "Nerub" {freeze, rF+ rN+}
 26239 | D:15     | Noticed Roxanne
 26246 | D:15     | Killed Roxanne
 26644 | D:15     | Found a staircase to the Depths.
 26986 | Snake:1  | Entered Level 1 of the Snake Pit
 26995 | Snake:1  | Offered knowledge of Eringya's Noxious Bog by Vehumet.
 26999 | Snake:1  | Reached skill level 1 in Fire Magic
 27620 | Snake:1  | Found a sparkling altar of Nemelex Xobeh.
 28149 | Snake:2  | Reached skill level 17 in Spellcasting
 28149 | Snake:2  | Reached XP level 17. HP: 108/112 MP: 17/40
 28234 | Snake:2  | Identified a scroll of acquirement
 28235 | Snake:2  | Acquired 1261 gold pieces
 28814 | Snake:3  | Reached skill level 5 in Fire Magic
 28992 | Snake:3  | Found a stormy altar of Qazlal.
 29009 | Snake:3  | Noticed Aizul
 29019 | Snake:3  | Killed Aizul
 29019 | Snake:3  | Offered knowledge of Maxwell's Capacitive Coupling by
                  | Vehumet.
 29364 | Snake:3  | Reached skill level 15 in Fighting
 29672 | Snake:4  | Entered Level 4 of the Snake Pit
 29913 | Snake:4  | Reached skill level 5 in Armour
 30139 | Snake:4  | Reached XP level 18. HP: 120/120 MP: 30/41
 30155 | Snake:4  | Learned a level 6 spell: Statue Form
 30561 | Snake:4  | Got a serpentine rune of Zot
 30711 | Snake:4  | Reached skill level 5 in Transmutations
 31312 | Swamp:1  | Entered Level 1 of the Swamp
 31323 | Swamp:1  | Reached skill level 18 in Spellcasting
 31400 | Swamp:1  | Noticed a tentacled monstrosity
 31413 | Swamp:1  | Killed a tentacled monstrosity
 31527 | Swamp:1  | Noticed Mlioglotl
 31535 | Swamp:1  | Killed Mlioglotl
 31536 | Swamp:1  | Reached XP level 19. HP: 125/125 MP: 1/43
 31973 | Swamp:1  | Acquired 501 gold pieces
 32487 | Swamp:2  | Offered knowledge of Lehudib's Crystal Spear by Vehumet.
 32487 | Swamp:2  | Offered knowledge of Shatter by Vehumet.
 32487 | Swamp:2  | Offered knowledge of Ignition by Vehumet.
 33282 | Swamp:3  | Identified the ring "Xeogi" {Fly Str+6}
 33957 | Swamp:4  | Entered Level 4 of the Swamp
 34551 | Swamp:4  | Paralysed by a hornet for 1 turns
 35070 | Swamp:4  | Reached skill level 19 in Spellcasting
 35183 | Swamp:4  | Got a decaying rune of Zot
 35832 | Vaults:1 | Entered Level 1 of the Vaults
 36338 | Vaults:1 | Reached skill level 15 in Dodging
 36338 | Vaults:1 | Reached XP level 20. HP: 87/131 MP: 7/45
 36485 | Vaults:1 | Reached skill level 10 in Fire Magic
 36909 | Vaults:1 | Found Sonwaroti's Armour Boutique.
 37232 | Vaults:1 | Reached skill level 20 in Spellcasting
 37365 | Vaults:1 | Learned a level 8 spell: Lehudib's Crystal Spear
 37480 | Vaults:1 | Identified the +6 flail of Ynameido {vorpal, *Rage rElec
                  | rPois Will+}
 37508 | Vaults:1 | Gained mutation: You are frail. (-10% HP) [mutagenic glow]
 38555 | Vaults:2 | Reached skill level 15 in Conjurations
 38566 | Vaults:2 | Reached skill level 10 in Earth Magic
 39554 | Vaults:2 | Found a staircase to the Crypt.
 40366 | Vaults:3 | Noticed Mennas
 40899 | Vaults:3 | Killed Mennas
 41834 | Vaults:4 | Reached XP level 21. HP: 122/122 MP: 33/47
 42491 | Vaults:4 | Noticed Zenata
 42496 | Vaults:4 | Killed Zenata
 43137 | Vaults:4 | Reached skill level 21 in Spellcasting
 44069 | Elf:1    | Entered Level 1 of the Elven Halls
 44579 | Elf:1    | Found Fozi's Assorted Antiques.
 44586 | Elf:1    | Bought a scroll of amnesia for 116 gold pieces
 44586 | Elf:1    | Bought a scroll of blinking for 217 gold pieces
 44586 | Elf:1    | Bought a scroll of blinking for 217 gold pieces
 44596 | Elf:1    | Learned a level 8 spell: Ignition
 44865 | Elf:1    | Got the Volume of the Barrage
 45216 | Elf:2    | Reached skill level 22 in Spellcasting
 45312 | Elf:2    | Found a magical portal.
 45377 | WizLab   | Entered Cigotuvi's Fleshworks
 45751 | WizLab   | Reached XP level 22. HP: 125/127 MP: 45/50
 45757 | WizLab   | Reached skill level 15 in Fire Magic
 45780 | WizLab   | Paralysed by a floating eye for 3 turns
 45953 | WizLab   | Identified the ring "Rimor" {rPois rF+ Will+}
 46046 | Elf:2    | Lost mutation: You are frail. (-10% HP) [potion of
                  | mutation]
 46046 | Elf:2    | Gained mutation: Your spells are a little easier to cast,
                  | but a little less powerful. [potion of mutation]
 46046 | Elf:2    | Gained mutation: Your system is resistant to poisons.
                  | (rPois) [potion of mutation]
 46574 | Elf:2    | Found a huge runed translucent gate.
 46714 | Elf:2    | Found a huge runed translucent gate.
 46714 | Elf:2    | Found a huge runed translucent gate.
 46720 | Elf:2    | Found a huge runed translucent gate.
 46720 | Elf:2    | Found a huge runed translucent gate.
 47725 | Elf:3    | Entered Level 3 of the Elven Halls
 47847 | Elf:3    | Paralysed by an air elemental for 1 turns
 48728 | Elf:3    | Learned a level 2 spell: Blink
 48958 | Elf:3    | Got the Tractate on Baneful Blows and Bruises
 48964 | Elf:3    | Identified the +10 morningstar "Umne" {drain, rElec}
 48964 | Elf:3    | Identified the ring of Freedom {EV+4 Int+5 Dex+2}
 49038 | Elf:3    | Found the +14 obsidian axe {vorpal, Mesm Drain Fly SInv}
 49067 | Elf:3    | Identified the ring of Ussuek {rN+ Int+6}
 49080 | Elf:3    | Got the Compendium of Transmuted Mustering
 49092 | Elf:3    | Identified the +1 shortbow of the Past {flame, Will+
                  | Stlth+}
 49316 | Orc:2    | Bought Sif Muna's Tome of Battling for 598 gold pieces
 49326 | Orc:2    | Learned a level 9 spell: Fire Storm
 49526 | Slime:1  | Entered Level 1 of the Pits of Slime
 49637 | Slime:2  | Noticed Dissolution
 49642 | Slime:2  | Killed Dissolution
 49683 | Slime:2  | You fall into a shaft and drop 1 floor!
 50082 | Slime:4  | Reached XP level 23. HP: 149/149 MP: 49/51
 50184 | Slime:4  | Found a viscous altar of Jiyva.
 50623 | Slime:5  | Entered Level 5 of the Pits of Slime
 50721 | Slime:5  | Noticed the Royal Jelly
 50726 | Slime:5  | Killed the Royal Jelly
 50781 | Slime:5  | Got Purphegh's Folio of the Lithosphere and Black Magic
 50895 | Slime:5  | Identified the +6 arbalest of Uckasuif {penet, rC+ Int+2}
 50897 | Slime:5  | Got a slimy rune of Zot
 50959 | Slime:5  | Identified the +9 halberd of the Hero {vorpal, Str+3}
 51694 | Vaults:5 | Entered Level 5 of the Vaults
 51696 | Vaults:5 | Reached skill level 23 in Spellcasting
 51770 | Vaults:5 | Noticed a dread lich
 51784 | Vaults:5 | Killed a dread lich
 51998 | Vaults:5 | Reached skill level 24 in Spellcasting
 52065 | Vaults:5 | Noticed a dread lich
 52070 | Vaults:5 | Killed a dread lich
 52093 | Vaults:5 | Reached XP level 24. HP: 120/160 MP: 28/53
 52093 | Vaults:5 | Identified the +7 dagger "Hydrabane" {vorpal, rElec rPois
                  | rC++ Str-2}
 52958 | Vaults:5 | Learned a level 8 spell: Necromutation
 53058 | Vaults:5 | Acquired 817 gold pieces
 53496 | Vaults:5 | Reached skill level 25 in Spellcasting
 53736 | Vaults:5 | Got a silver rune of Zot
 54130 | Depths:1 | Entered Level 1 of the Depths
 54157 | Depths:1 | Found a one-way gateway to a ziggurat.
 54247 | Depths:1 | Reached skill level 10 in Transmutations
 54696 | Depths:1 | Identified the +8 spear of Chagrin {freeze, rPois rCorr}
 54802 | Depths:1 | Found a gateway to Hell.
 55114 | Depths:1 | Found a one-way gate to the infinite horrors of the Abyss.
 55503 | Depths:1 | Found Soestuat's Jewellery Boutique.
 55504 | Depths:1 | Found Yraikk's Book Emporium.
 55504 | Depths:1 | Found Gucs's Book Emporium.
 55930 | Depths:1 | Voluntarily entered the Abyss.
 56098 | Abyss:1  | Found a snail-covered altar of Cheibriados.
 56107 | Abyss:1  | Reached skill level 26 in Spellcasting
 56203 | Abyss:3  | Found a corrupted altar of Lugonu.
 56611 | Abyss:3  | Found a corrupted altar of Lugonu.
 56622 | Abyss:3  | Got an abyssal rune of Zot
 56746 | Depths:1 | Escaped the Abyss
 56885 | Depths:2 | Reached XP level 25. HP: 157/168 MP: 43/55
 57101 | Depths:2 | Identified the +8 whip of Mayhem {holy, *Noise Str+4 Int+5
                  | Stlth+}
 57115 | Depths:2 | Reached skill level 27 in Spellcasting
 58596 | D:3      | Killed safid's ghost
 58860 | Orc:1    | Noticed Pupniv's ghost (journeyman BaFi)
 58870 | Orc:1    | Killed Pupniv's ghost
 59379 | D:10     | Bought 2 potions of haste for 200 gold pieces
 59379 | D:10     | Bought a potion of haste for 100 gold pieces
 59379 | D:10     | Bought a potion of magic for 80 gold pieces
 59472 | Orc:2    | Bought a scroll of teleportation for 102 gold pieces
 59472 | Orc:2    | Bought a scroll of fear for 136 gold pieces
 59472 | Orc:2    | Bought a scroll of fear for 136 gold pieces
 59785 | Depths:2 | Noticed a juggernaut
 59799 | Depths:2 | Killed a juggernaut
 60339 | Depths:2 | Identified the +2 short sword of Defilement {vorpal, *Slow
                  | Int+6 Dex+5}
 60691 | Depths:2 | Found a one-way gate leading to the halls of Pandemonium.
 60784 | Depths:3 | Found a broken altar of Ashenzari.
 60990 | Depths:3 | Noticed Frederick
 60998 | Depths:3 | Killed Frederick
 61944 | Depths:3 | Noticed Parghit
 61955 | Depths:3 | Killed Parghit
 62179 | Depths:4 | Entered Level 4 of the Depths
 62738 | Depths:4 | Found a gate to the Realm of Zot.
 62748 | Depths:4 | Reached XP level 26. HP: 169/179 MP: 16/56
 63110 | Depths:4 | Got the Quarto of the Snowflakes and Hexes
 63442 | Depths:4 | Found a runed translucent gate.
 63443 | Depths:4 | Found a runed translucent gate.
 63443 | Depths:4 | Found a runed translucent gate.
 63702 | Depths:4 | Found a runed translucent gate.
 63702 | Depths:4 | Found a runed translucent gate.
 63706 | Depths:4 | Found a runed translucent gate.
 63707 | Depths:4 | Noticed Oseiwk's ghost (adept MiHu)
 63728 | Depths:4 | Killed Oseiwk's ghost
 63729 | Depths:4 | Reached skill level 15 in Necromancy
 63737 | Depths:4 | Identified the +0 pair of gloves "Daniun" {rF+ Str+3 Dex-4}
 63908 | Zot:1    | Entered Level 1 of the Realm of Zot
 64028 | Zot:1    | Noticed an orb of fire
 64030 | Zot:1    | Gained mutation: Your flesh is heat resistant. (rF+) [an
                  | orb of fire]
 64042 | Zot:1    | Killed an orb of fire
 64464 | Zot:1    | Identified the ring of the Peculiar Gods {Drain rC+ MP+9
                  | Int+4}
 64486 | Zot:1    | Reached skill level 15 in Transmutations
 66594 | Zot:2    | Noticed an orb of fire
 66604 | Zot:2    | Killed an orb of fire
 66605 | Zot:2    | Reached XP level 27. HP: 156/186 MP: 5/56
 68518 | Zot:4    | Identified the +9 great sword of the Fool {spect, rF- rC+
                  | rN+++ Str+3}
 68804 | Zot:4    | Identified the +7 short sword of Rugh {flame, Will++
                  | Stlth+}
 69359 | Zot:5    | Entered Level 5 of the Realm of Zot
 69364 | Zot:5    | Identified the +6 halberd of the Disturbing Knives {elec,
                  | rC- Str+4}
 69934 | Zot:5    | Noticed an ancient lich
 69941 | Zot:5    | Killed an ancient lich
 69942 | Zot:5    | Noticed an ancient lich
 69942 | Zot:5    | Noticed a dread lich
 69948 | Zot:5    | Killed a dread lich
 69948 | Zot:5    | Killed an ancient lich
 70065 | Zot:5    | Noticed an orb of fire
 70070 | Zot:5    | Killed an orb of fire
 70090 | Zot:5    | Noticed an ancient lich
 70095 | Zot:5    | Killed an ancient lich
 70255 | Zot:5    | Noticed an orb of fire
 70260 | Zot:5    | Killed an orb of fire
 70283 | Zot:5    | Noticed an orb of fire
 70304 | Zot:5    | HP: 6/193 [Orb Guardian (9)]
 70304 | Zot:5    | Slain by an Orb Guardian

Illustrated notes

Levels and vault maps discovered:
D:1:      ldierk_walled_garden, layout_basic,
          ebering_ecumenical_altar_abandoned, st_stairs_11
D:2:      layout_basic, basic_altar, serial_shops,
          nicolae_shop_temple_entry_statues_fountains, uniq_jessica,
          uniq_terence
D:3:      layout_basic, biasface_ghost_orc_armoury, uniq_robin
D:4:      layout_loops_cross, gup_ossuary_entry_pyramid,
          kennysheep_generic_room_2, uniq_natasha
D:5:      layout_cave_pods
D:6:      layout_basic, minmay_temple_entry_statues_fountains,
          kennysheep_generic_room_7
D:7:      layout_basic, uniq_crazy_yiuf_cottage, uniq_maggie
D:8:      layout_rooms, mainiacjoe_overflow_alcove_4,
          mainiacjoe_overflow_large_starburst, minmay_misc_feat_alley,
          hangedman_abyss_or_decor_stabs, minmay_fractal_squares_5
D:9:      layout_loops_ring, minmay_misc_feat_iff, minivault_16
D:10:     layout_cave_pools, serial_shops, nicolae_diamond_shop, enter_bailey_5,
          serial_bayou_crossing
D:11:     layout_roguey, lair_entry_dummy, minmay_fountain_box, uniq_snorg
D:12:     evilmike_iron_armoury, layout_irregular_city, zombieorc2_lemuel,
          serial_bayou_lagoon_b, uniq_nergalle, uniq_azrael
D:13:     argonaut_augean_stables, layout_stronghold, david_vaults_3
D:14:     layout_gridville, serial_ice, serial_ice_j, serial_ice_d,
          serial_ice_h, serial_ice_e, serial_ice_c,
          portal_ice_cave_entry_ugly_swarm, minmay_door_square,
          hangedman_incinerator
D:15:     grunt_enter_depths_magical_seal, layout_long_grid,
          nzn_wu_jian_contemplation, serial_rivers,
          chequers_serial_rivers_micro_b, chequers_serial_rivers_micro_b,
          chequers_serial_rivers_small_b, chequers_serial_rivers_micro_e,
          chequers_serial_rivers_small_a, minivault_15, uniq_roxanne
Temple:   nicolae_temple_bog_church
Lair:1:   wander_river, layout_cave_pods, serial_bayou_pond_a, uniq_sonja
Lair:2:   layout_gridlike, minmay_snake_entry_spellcaster,
          chequers_serial_rivers_micro_d, grunt_megastairs_5
Lair:3:   layout_cave_pods, palyth_hydra_swamp_entry, serial_rivers,
          chequers_serial_rivers_micro_e, chequers_serial_rivers_small_b,
          chequers_serial_rivers_micro_a, chequers_serial_rivers_large_b,
          chequers_serial_rivers_small_a, gauntlet_entry_generic,
          lemuel_fruit_tree, uniq_josephine
Lair:4:   layout_small_grid, minmay_slime_entry_pillars
Lair:5:   gammafunk_lair_ancient_temple, layout_loops_ring,
          nicolae_volcano_entry_hallway, lemuel_fruit_fields
Swamp:1:  layout_falls_marsh, evilmike_swamp_ruin_house_4, swamp_pool5,
          nicolae_swamp_necromancy_gone_wrong, infiniplex_staircase_pool_2,
          uniq_mlioglotl
Swamp:2:  layout_basic_swamp, evilmike_swamp_ruin_house_2
Swamp:3:  layout_falls_marsh, nicolae_swamp_big_swirl
Swamp:4:  nzn_swamp_witches_coven, layout_basic_swamp, swamp_pool1
Snake:1:  layout_misc_corridors, basic_altar, serial_bayou_shore_a,
          grunt_megastairs_1
Snake:2:  layout_rooms
Snake:3:  layout_misc_corridors, lemuel_oklob_altar, uniq_aizul
Snake:4:  grunt_snake_rune_spirals, layout_onion_interference, special_room
Slime:1:  layout_caves
Slime:2:  layout_caves, uniq_dissolution
Slime:3:  layout_caves
Slime:4:  layout_caves, basic_altar, special_room [special_room_jelly]
Slime:5
Orc:1:    layout_caves, gammafunk_ghost_abyssal_escape, nicolae_orc_tapped_out,
          uniq_harold, uniq_erica, uniq_erolcha
Orc:2:    grunt_orc_cross, layout_diamond_mine, serial_shops, shop, uniq_urug,
          uniq_donald, uniq_maurice
Elf:1:    layout_geoelf_grid, serial_shops, nicolae_shop_overgrown_old_shop,
          minmay_elf_sorcery, drop_trap, grunt_ministairs_6
Elf:2:    elven_hall_of_blades_hangedman_alternative
          [nicolae_vaults_blade_armed_guards], layout_geoelf_grid,
          mu_enter_wizlab_5
Elf:3:    minmay_elf_hall_circle, layout_onion_city, billiards_dpeg
Vaults:1: nicolae_vaults_network_star, hangedman_vaults_nodes, serial_ice_m,
          vaults_mumra_hex, v_misc_16, nicolae_vaults_big_ls,
          ontoclasm_vaults_gallery, vaults_dpeg_spiral, v_misc_23,
          vaults_dpeg_ring, nicolae_vaults_what_the_h,
          vaults_mumra_minichess_inversion, vaults_room_semicircle,
          grunt_vaults_focal, nicolae_vaults_little_squares_2,
          layout_vaults_omnibox, serial_shops, shop
Vaults:2: v_misc_18, v_misc_2, hangedman_vaults_corner,
          minmay_crypt_entry_simple_round, v_alt_pattern_6,
          vaults_room_ringed_pool, vaults_dpeg_doors, v_misc_4,
          grunt_vaults_hallway_short, layout_vaults_big_cross
Vaults:3: nicolae_vaults_triangles, v_misc_14, nicolae_vaults_little_squares_1,
          ontoclasm_vaults_fault, vaults_standard_mumra_enter_the_diamond,
          ontoclasm_vaults_loading_screen, v_misc_11, vaults_room_pools,
          nicolae_vaults_mini_display_case, layout_vaults_omnigrid, uniq_mennas
Vaults:4: grunt_vaults_diagonal, v_misc_32, v_rooms_3, v_misc_9, v_pattern_3,
          grunt_vaults_trifunnel, hangedman_vaults_stagger,
          nicolae_vaults_little_squares_3, st_octagons_2,
          nicolae_vaults_little_squares_5, nicolae_vaults_diagonal_hallway_8,
          vaults_room_pool, nicolae_vaults_little_squares_1, layout_vaults_maze,
          uniq_zenata
Vaults:5
Depths:1: layout_gridlike, enter_ziggurat_d, abyss_entry, hell_entry,
          kennysheep_path_1, chequers_jeans, nicolae_figureground_sparkle,
          minmay_shop_grove
Depths:2: evilmike_diamond_1, layout_twisted_cross, hell_entry,
          grunt_decor_arrowhead, rand_demon_pan_entry_4, grunt_megastairs_3
Depths:3: nzn_winding_woodlands_cross [nzn_winding_woodlands_5x15_cabin,
          nzn_winding_woodlands_5x15_pool, nzn_winding_woodlands_5x15_sawtooth,
          nzn_winding_woodlands_5x15_crooked,
          nzn_winding_woodlands_15x15_thick_spiral], layout_basic,
          glass_columns_a, hell_entry, abyss_entry, rand_demon_pan_entry_8,
          ashenzari_altar_1, minmay_staircase_bubble, uniq_josephina,
          uniq_parghit, uniq_grunn, uniq_frederick
Depths:4: grunt_zot_entry_bicorn, layout_basic, minmay_misc_feat_doors,
          hell_entry, ploomutoo_gammafunk_ghost_potion_laboratory,
          nrook_kobold_shadow_demons
Zot:1:    hangedman_zot_vaults_quadrants, layout_concentric_octagons,
          grunt_ministairs_4
Zot:2:    layout_concentric_octagons
Zot:3:    layout_gridlike
Zot:4:    layout_misc_corridors, grunt_megastairs_4
Zot:5:    layout_gridlike

Skill      XL: |  1  2  3  4  5  6  7  8  9 10 11 12 13 14 15 16 17 18 19 20 21 22 23 24 25 26 27 |
---------------+----------------------------------------------------------------------------------+-----
Fighting       | 1 2 3 4 5 6 7 9 10 12 14 15 16 17 19 20 22 25 | 25.0
Dodging        | 3 4 5 8 10 11 12 13 15 | 15.0
Stealth        | 3 |  3.0
Conjurations   | 2 3 4 5 6 8 9 10 13 14 16 17 18 19 20 | 20.0
Ice Magic      | 1 3 4 |  4.0
Earth Magic    | 5 6 8 9 12 13 | 13.0
Spellcasting   | 7 10 11 13 14 15 17 18 19 20 22 24 26 27 | 27.0
Transmutations | 4 5 9 11 13 15 | 15.0
Armour         | 3 4 5 7 |  7.0
Shields        | 3 4 5 6 7 |  7.0
Necromancy     | 3 8 10 13 17 | 17.0
Summonings     | 3 |  3.0
Long Blades    | 3 |  3.0
Fire Magic     | 4 6 7 9 11 14 18 19 | 19.0

Action                   |  1- 3 |  4- 6 |  7- 9 | 10-12 | 13-15 | 16-18 | 19-21 | 22-24 | 25-27 || total
-------------------------+-------+-------+-------+-------+-------+-------+-------+-------+-------++-------
Melee: Dagger            |     1 |    10 |     4 |     5 |       |       |       |       |    11 ||    31
       Punch             |       |     1 |       |       |       |       |       |       |       ||     1
       Long sword        |       |       |       |     6 |    29 |       |       |       |       ||    35
       Staff             |       |       |       |       |    12 |       |       |       |       ||    12
       Short sword       |       |       |       |       |       |    19 |    54 |    35 |     2 ||   110
       Whip              |       |       |       |       |       |       |       |       |     4 ||     4
Throw: Throwing net      |       |       |       |       |       |     1 |     9 |       |       ||    10
 Cast: Sandblast         |    51 |    31 |     5 |       |       |       |       |       |       ||    87
       Stone Arrow       |     1 |    31 |   121 |   229 |   221 |    26 |    30 |       |       ||   659
       Freeze            |       |     3 |       |       |       |       |       |       |       ||     3
       Frozen Ramparts   |       |       |    10 |     6 |       |       |       |       |       ||    16
       Hailstorm         |       |       |    10 |    44 |    14 |       |     1 |       |       ||    69
       Mephitic Cloud    |       |       |     2 |    45 |    30 |     3 |     4 |       |       ||    84
       Petrify           |       |       |       |     3 |       |       |       |       |       ||     3
       Lee's Rapid Decon |       |       |       |    13 |   138 |   103 |   201 |   161 |    83 ||   699
       Animate Dead      |       |       |       |     1 |     9 |    10 |    19 |    16 |    17 ||    72
       Borgnjor's Vile C |       |       |       |       |   242 |   143 |   269 |    71 |    97 ||   822
       Death Channel     |       |       |       |       |    22 |    28 |    35 |    26 |    34 ||   145
       Orb of Destructio |       |       |       |       |     7 |    45 |   142 |    43 |   160 ||   397
       Ozocubu's Armour  |       |       |       |       |     9 |    17 |     3 |       |       ||    29
       Sublimation of Bl |       |       |       |       |       |    72 |   169 |   121 |   180 ||   542
       Statue Form       |       |       |       |       |       |     2 |    39 |    18 |     8 ||    67
       Lehudib's Crystal |       |       |       |       |       |       |    83 |   109 |   141 ||   333
       Ignition          |       |       |       |       |       |       |       |   100 |    61 ||   161
       Blink             |       |       |       |       |       |       |       |     5 |     2 ||     7
       Fire Storm        |       |       |       |       |       |       |       |    68 |   104 ||   172
       Necromutation     |       |       |       |       |       |       |       |       |     9 ||     9
 Abil: End Transformatio |       |       |       |       |       |     1 |    30 |    16 |    15 ||    62
Evoke: Wand              |       |       |       |     1 |     1 |     1 |     4 |     1 |     1 ||     9
       Box of beasts     |       |       |       |       |     2 |       |     1 |       |     1 ||     4
       Phial of floods   |       |       |       |       |       |       |     1 |       |       ||     1
       Phantom mirror    |       |       |       |       |       |       |       |       |     2 ||     2
  Use: Potion            |       |     1 |       |       |     3 |     2 |    18 |     3 |     7 ||    34
       Scroll            |       |     4 |     5 |     9 |     9 |    12 |    18 |     5 |    13 ||    75
 Stab: Confused          |       |       |       |     1 |     1 |       |       |       |       ||     2
       Distracted        |       |       |       |       |     1 |     1 |     1 |     1 |     1 ||     5
Armor: Robe              |     5 |       |       |     7 |       |       |    14 |     9 |       ||    35
       Leather armour    |       |     9 |     7 |       |       |       |       |       |       ||    16
       Troll leather arm |       |       |       |    12 |    38 |    24 |    10 |       |    30 ||   114
       Skin              |       |       |       |       |       |     1 |   114 |    24 |     3 ||   142
Dodge: Dodged            |     7 |    28 |    18 |    70 |    92 |    59 |   248 |   101 |   135 ||   758
Block: Kite shield       |       |       |       |    24 |    82 |    67 |   250 |   100 |    93 ||   616
       Buckler           |       |       |       |       |     2 |       |       |       |       ||     2
